 Dungeon Sprint DCSS version 0.29-a0-824-gd827844252 (webtiles) character file.

Game seed: 175220260436825804

274 mhtbhm the Cudgeller (level 6, -3/44 HPs)
             Began as a Gargoyle Fighter on July 10, 2022.
             Was a High Priest of Trog.
             Slain by a sun demon (15 damage)
             ... summoned by a kobold demonologist
             ... in the Dungeon (Sprint VII: "The Pits").
             The game lasted 00:00:57 (430 turns).

mhtbhm the Cudgeller (Gargoyle Fighter)              Turns: 430, Time: 00:00:58

Health: -3/44      AC: 14    Str: 21    XL:     6   Next: 24%
Magic:  6/6        EV: 10    Int:  9    God:    Trog [*****.]
Gold:   0          SH:  5    Dex:  9    Spells: 5/5 levels left

rFire   . . .      SeeInvis .   a - +3 flail (vorpal)
rCold   . . .      Faith    .   c - +0 buckler
rNeg    + . .      Spirit   .   b - +3 ring mail {rPois}
rPois   ∞          Reflect  .   (no helmet)
rElec   +          Harm     .   (no cloak)
rCorr   .          Rampage  .   (no gloves)
Will    .....      NoTele   +   (no boots)
Stlth   ..........              (no amulet)
HPRegen 0.14/turn               (no ring)
MPRegen 0.10/turn               (no ring)

@: no status effects
A: sickness immunity, AC +4, negative energy resistance 1, electricity
resistance, torment resistance 1, petrification resistance
a: Renounce Religion, Berserk, Trog's Hand, Brothers in Arms


You were in the Dungeon.
You worshipped Trog.
Trog was extremely pleased with you.
You visited 1 branch

Inventory:

Hand Weapons
 a - a +3 vorpal flail (weapon)
Armour
 b - a +3 ring mail of poison resistance (worn)
 c - a +0 buckler (worn)
Scrolls
 j - a scroll of blinking
 l - a scroll of summoning
Potions
 d - a potion of might
 e - 6 potions of curing
 f - 6 potions of heal wounds
 g - a potion of haste
 h - 4 potions of magic
 i - 3 potions of berserk rage
 k - 2 potions of invisibility


   Skills:
 + Level 7.2 Fighting
 + Level 7.4 Maces & Flails
 + Level 7.3 Armour
 + Level 1.3 Dodging
 + Level 7.0 Shields


You had 5 spell levels left.
You didn't know any spells.
Your spell library was empty.

Dungeon Overview and Level Annotations

Branches:
Dungeon (1/1)

Altars:
Ashenzari
Cheibriados
Dithmenos
Elyvilon
Fedhas
Gozag
Hepliaklqana
Kikubaaqudgha
Makhleb
Nemelex Xobeh
Okawaru
Qazlal
Ru
Sif Muna
Trog
Uskayaw
Vehumet
Wu Jian
Xom
Yredelemnul
Zin
The Shining One
Jiyva
Lugonu


Innate Abilities, Weirdness & Mutations

You are immune to sickness and miasma.
Your stone body is resilient. (AC +4)
You are immune to poison.
You resist negative energy. (rN+)
You are resistant to electric shocks. (rElec)
You are resistant to unholy torment.
You are immune to petrification.


Message History

You thump the water moccasin!
You kill the water moccasin!
Trog accepts your kill.
Trog will now gift you melee weapons as you gain piety.
Your Fighting skill increases to level 7!
Your Maces & Flails skill gained 2 levels and is now at level 7!
Your Armour skill increases to level 7!
Your Dodging skill increases to level 1!
Your Shields skill increases to level 7!
You have reached level 6!
There is an open door, spattered with blood here.
You start resting.
HP restored.
You open the door.
A kobold demonologist comes into view. It is wielding a +0 dagger.
The kobold demonologist shouts!
You barely miss the kobold demonologist.
The kobold demonologist casts a spell.
The kobold demonologist hits you but does no damage.
You hit the kobold demonologist.
The kobold demonologist is lightly wounded.
You block the crimson imp's attack.
The kobold demonologist mumbles some strange words.
You hit the kobold demonologist.
The kobold demonologist is moderately wounded.
The kobold demonologist hits you but does no damage.
Unknown command.
You barely miss the kobold demonologist.
The kobold demonologist is lightly wounded.
The kobold demonologist hits you but does no damage.
You closely miss the kobold demonologist.
The kobold demonologist is lightly wounded.
The sun demon hits you!
You are engulfed in flames!
* * * LOW HITPOINT WARNING * * *
The kobold demonologist hits you but does no damage.
Unknown command.
You closely miss the kobold demonologist.
The kobold demonologist is lightly wounded.
The sun demon hits you!
You die...

#.#..#.)))[##.......#
#)###########.......#
#..)....# #########
#..###..# #.......#
##.###.##+#
#.......#5+
#..###..#K#
#......53@#
###########


You could see a sun demon (summoned), a kobold demonologist, a quasit (summoned)
and a crimson imp (summoned).

Vanquished Creatures
  A water moccasin (D)
  A necrophage (D)
  2 orc priests (D)
  An iron imp (D)
  A gnoll (D)
  3 orcs (D)
  A giant cockroach (D)
  A goblin (D)
  A hobgoblin (D)
  3 jackals (D)
  A frilled lizard (D)
  3 kobolds (D)
  2 rats (D)
21 creatures vanquished.

Notes
Turn   | Place    | Note
-------+----------+-------------------------------------------
     0 | D        | mhtbhm the Gargoyle Fighter began the quest for the Orb.
     0 | D        | Reached XP level 1. HP: 14/14 MP: 1/1
    16 | D        | Found a bloodstained altar of Trog.
    16 | D        | Found a shimmering blue altar of Sif Muna.
    16 | D        | Found a viscous altar of Jiyva.
    16 | D        | Found a hazy altar of Hepliaklqana.
    16 | D        | Found an opulent altar of Gozag.
    17 | D        | Found a glowing golden altar of the Shining One.
    17 | D        | Found a glowing silver altar of Zin.
    17 | D        | Found a basalt altar of Yredelemnul.
    17 | D        | Found a shimmering altar of Xom.
    17 | D        | Found an ornate altar of the Wu Jian Council.
    17 | D        | Found a sacrificial altar of Ru.
    17 | D        | Found a stormy altar of Qazlal.
    17 | D        | Found an iron altar of Okawaru.
    17 | D        | Found a sparkling altar of Nemelex Xobeh.
    17 | D        | Found a burning altar of Makhleb.
    17 | D        | Found a blossoming altar of Fedhas.
    17 | D        | Found a white marble altar of Elyvilon.
    17 | D        | Found a shadowy altar of Dithmenos.
    17 | D        | Found a snail-covered altar of Cheibriados.
    19 | D        | Found a radiant altar of Vehumet.
    19 | D        | Found a corrupted altar of Lugonu.
    20 | D        | Found a hide-covered altar of Uskayaw.
    20 | D        | Found an ancient bone altar of Kikubaaqudgha.
    20 | D        | Found a broken altar of Ashenzari.
    23 | D        | Became a worshipper of Trog the Wrathful
    76 | D        | Reached * piety under Trog
    91 | D        | Reached XP level 2. HP: 20/20 MP: 2/2
    91 | D        | Reached ** piety under Trog
   179 | D        | Noticed a necrophage
   184 | D        | Reached skill level 5 in Fighting
   184 | D        | Reached skill level 5 in Armour
   184 | D        | Reached skill level 5 in Shields
   184 | D        | Reached XP level 3. HP: 18/26 MP: 3/3
   186 | D        | Reached *** piety under Trog
   198 | D        | Killed a necrophage
   199 | D        | Reached XP level 4. HP: 24/32 MP: 4/4
   286 | D        | Reached skill level 5 in Maces & Flails
   286 | D        | Reached XP level 5. HP: 24/36 MP: 5/5
   290 | D        | Reached **** piety under Trog
   393 | D        | Noticed a water moccasin
   397 | D        | Killed a water moccasin
   397 | D        | Reached ***** piety under Trog
   398 | D        | Reached skill level 1 in Dodging
   398 | D        | Reached XP level 6. HP: 40/44 MP: 6/6
   424 | D        | Noticed a kobold demonologist
   427 | D        | Noticed a sun demon
   430 | D        | Slain by a sun demon

Illustrated notes

Levels and vault maps discovered:
D:        pitsprint [storerooms_1, entrance_room_1, metal_vault_5, armoury_2,
          mini_pit_1, grid_room_1, main_hall_1, silver_pit, the_coven_3,
          the_vestibule_1, steel_vault_3, golden_pit, hallway_of_sentries,
          crystal_vault_2, iron_vault_3, final_vault]

Skill      XL: |  1  2  3  4  5 |
---------------+----------------+-----
Fighting       | 4 5 6 7 |  7.2
Armour         | 4 5 6 7 |  7.3
Shields        | 5 6 7 |  7.0
Maces & Flails | 3 4 5 7 |  7.4
Dodging        | 1 |  1.3

Action                   |  1- 3 |  4- 6 || total
-------------------------+-------+-------++-------
Melee: Mace              |    16 |       ||    16
       Flail             |    18 |    33 ||    51
Armor: Scale mail        |    11 |       ||    11
       Ring mail         |    10 |    17 ||    27
Dodge: Dodged            |     8 |    15 ||    23
Block: Buckler           |     5 |     1 ||     6

Table legend: (Time is in decaauts)
 A = Elapsed time spent in this place.
 B = Non-inter-level travel time spent in this place.
 C = Inter-level travel time spent in this place.
 D = Time resting spent in this place.
 E = Time spent auto-exploring this place.
 F = Levels seen in this place.
 G = Mean time per level.
                   A        B        C        D        E       F      G
               +--------+--------+--------+--------+--------+-----+--------+
         Total |    444 |    433 |     11 |    175 |      0 |   1 |  444.0 |
       Dungeon |    444 |    433 |     11 |    175 |      0 |   1 |  444.0 |
               +--------+--------+--------+--------+--------+-----+--------+

Top non-repeatable levels by time:
       D: 444 daAuts
